 Dungeon Crawl Stone Soup version 0.27-a0-1334-g2746e35aca (webtiles) character file.

Game seed: 16401613708744047554

107 Sweetruy1997 the Cudgeller (level 4, -6/29 HPs)
             Began as a Gargoyle Monk on June 27, 2021.
             Mangled by Duvessa (8 damage)
             ... on level 4 of the Dungeon.
             The game lasted 00:07:00 (3225 turns).

Sweetruy1997 the Cudgeller (Gargoyle Monk)          Turns: 3225, Time: 00:07:00

Health: -6/29      AC: 10    Str: 15    XL:     4   Next: 85%
Magic:  4/4        EV: 11    Int: 10    God:
Gold:   39         SH:  0    Dex: 13    Spells: 3/3 levels left

rFire    . . .     SeeInvis .   a - +0 mace
rCold    . . .     Faith    .   (no shield)
rNeg     + . .     Spirit   .   q - +0 ring mail
rPois    ∞         Reflect  .   (no helmet)
rElec    +         Harm     .   l - +0 cloak
rCorr    .         Rampage  .   (no gloves)
Will     .....                  k - +0 pair of boots
Stlth    +.........             (no amulet)
HPRegen  0.09/turn              (no ring)
MPRegen  0.09/turn              (no ring)

@: mighty, attractive
A: sickness immunity, AC +3, negative energy resistance 1, electricity
resistance, torment resistance 1, petrification resistance
a: no special abilities


You were on level 4 of the Dungeon.
You visited 1 branch of the dungeon, and saw 4 of its levels.

You collected 81 gold pieces.
You spent 42 gold pieces at shops.

Inventory:

Hand Weapons
 a - a +0 mace (weapon)
Armour
 k - a +0 pair of boots (worn)
 l - a +0 cloak (worn)
 q - a +0 ring mail (worn)
Wands
 o - a wand of digging (4)
Scrolls
 c - a scroll of immolation {unknown}
 f - 4 scrolls of teleportation
 j - a scroll of vulnerability {unknown}
 n - a scroll of identify {unknown}
Potions
 d - 3 potions of attraction
 e - a potion of curing
 h - a potion of might
 i - a potion of brilliance {unknown}
 m - 2 potions of lignification {unknown}
 p - a potion of resistance {unknown}


   Skills:
 + Level 3.7 Fighting
 + Level 4.2 Maces & Flails
 + Level 0.2 Throwing
 + Level 3.1 Dodging
 + Level 2.8 Stealth


You had 3 spell levels left.
You didn't know any spells.
Your spell library contained the following spells:

 Spells                   Type           Power      Damage    Failure   Level
 Sandblast                Erth           0%         2d4       58%         1
 Passwall                 Tmut/Erth      0%         N/A       75%         2
 Stone Arrow              Conj/Erth      0%         3d7       92%         3
 Petrify                  Tmut/Erth      0%         N/A       100%        4
 Lee's Rapid Deconstruct  Erth           0%         3d5*      100%        5


Dungeon Overview and Level Annotations

Branches:
Dungeon (4/15)
 Temple: D:4-7

Altars:
Dithmenos
Kikubaaqudgha

Shops:
D:1 *

Annotations:
D:4 Dowan, Duvessa


Innate Abilities, Weirdness & Mutations

You are immune to sickness and miasma.
Your stone body is resilient. (AC +3)
You are immune to poison.
You resist negative energy. (rN+)
You are resistant to electric shocks. (rElec)
You are resistant to unholy torment.
You are immune to petrification.


Message History

Duvessa is moderately wounded.
Duvessa hits you but does no damage. Duvessa closely misses you.
You hit Duvessa but do no damage.
Duvessa is moderately wounded.
Duvessa hits you with a +0 short sword. x2
You sock Duvessa!
Duvessa is heavily wounded.
Duvessa hits you with a +0 short sword.
It was a potion of attraction.
You feel attractive to monsters. Duvessa closely misses you.
Duvessa barely misses you.
You completely miss Duvessa.
Duvessa is heavily wounded.
Duvessa closely misses you. Duvessa completely misses you.
You hit Duvessa.
Duvessa is severely wounded.
Duvessa hits you with a +0 short sword.
You hit Duvessa.
Duvessa is severely wounded.
Duvessa hits you with a +0 short sword!
* * * LOW HITPOINT WARNING * * *
Duvessa hits you but does no damage.
You hit Duvessa but do no damage.
Duvessa is severely wounded.
Duvessa closely misses you.
Dowan casts a spell.
Dowan blinks!
Duvessa hits you but does no damage. Dowan is pulled toward you!
It was a potion of curing.
You feel better. Duvessa hits you with a +0 short sword.
* * * LOW HITPOINT WARNING * * *
Duvessa hits you with a +0 short sword.
* * * LOW HITPOINT WARNING * * *
You hit Duvessa but do no damage.
Duvessa is severely wounded.
Duvessa hits you with a +0 short sword.
* * * LOW HITPOINT WARNING * * *
It was a potion of might.
You feel very mighty all of a sudden. Duvessa hits you with a +0 short sword!
You die...

...........#
...........#
...........#
..........[#
...g.......#
.....e.....#
.#...gS##.#
#.###e##.#
#<#@##.# ##
#.#.##.# ...
#...##.#
....####..###.#
#..#.#(#.#.#.#
.. #.........##
#..#.#.#.#.## #
#.>.......#
##.#.#.#.##


You could see Duvessa (fast), Dowan, an adder and a hobgoblin.

Vanquished Creatures
  An orc wizard (D:3)
  An adder zombie (D:4)
  A worm (D:2)
  5 dart slugs
  2 orcs (D:3)
  5 ball pythons
  4 endoplasms
  7 giant cockroaches
  5 goblins
  2 hobgoblins (D:2)
  6 jackals
  A quokka (D:3)
  4 bats
  3 frilled lizards
  7 kobolds
  4 rats
58 creatures vanquished.

Vanquished Creatures (others)
  A withered plant (D:3)
1 creature vanquished.

Grand Total: 59 creatures vanquished

Notes
Turn   | Place    | Note
-------+----------+-------------------------------------------
     0 | D:1      | Sweetruy1997 the Gargoyle Monk began the quest for the Orb.
     0 | D:1      | Reached XP level 1. HP: 14/14 MP: 1/1
   239 | D:1      | Reached XP level 2. HP: 15/19 MP: 2/2
   467 | D:1      | Found Diryxam's Assorted Antiques.
   473 | D:1      | Bought a red potion for 21 gold pieces
   473 | D:1      | Bought a red potion for 21 gold pieces
  1013 | D:2      | Reached XP level 3. HP: 16/23 MP: 3/3
  1235 | D:2      | Found a shadowy altar of Dithmenos.
  1967 | D:3      | Found an ancient bone altar of Kikubaaqudgha.
  1975 | D:3      | Reached XP level 4. HP: 25/29 MP: 4/4
  1994 | D:3      | Reached skill level 4 in Maces & Flails
  2800 | D:3      | Found a faded altar of an unknown god.
  3204 | D:4      | Noticed Duvessa
  3205 | D:4      | Noticed Dowan
  3225 | D:4      | Mangled by Duvessa

Illustrated notes

Levels and vault maps discovered:
D:1:      nicolae_arrival_washed_ashore, layout_loops_ring, serial_shops, shop,
          hangedman_decor_push, kennysheep_small_spiral, item_on_display_b
D:2:      layout_rooms, basic_altar, minmay_worlds_worst_comb
D:3:      layout_basic, kiku_gazebo_garden_becter,
          shapermc_ecumenical_altar_totnotflames
D:4:      layout_basic, old_standard_altar, nicolae_overflow_hidden_temple,
          minmay_temple_entry_junction, st_stairs_9, uniq_grinder, uniq_duvessa

Skill      XL: |  1  2  3  4 |
---------------+-------------+-----
Maces & Flails | 4 |  4.2
Dodging        | 3 |  3.1
Fighting       | |  3.7
Throwing       | |  0.2
Stealth        | |  2.8

Action                   |  1- 3 |  4- 6 || total
-------------------------+-------+-------++-------
Melee: Mace              |   104 |    88 ||   192
Throw: Javelin           |    10 |    11 ||    21
  Use: Scroll            |     1 |       ||     1
       Potion            |       |     3 ||     3
 Stab: Sleeping          |     3 |       ||     3
       Distracted        |     1 |       ||     1
Armor: Robe              |    46 |    33 ||    79
       Ring mail         |       |    21 ||    21
Dodge: Dodged            |    72 |    66 ||   138

Table legend: (Time is in decaauts)
 A = Elapsed time spent in this place.
 B = Non-inter-level travel time spent in this place.
 C = Inter-level travel time spent in this place.
 D = Time resting spent in this place.
 E = Time spent auto-exploring this place.
 F = Levels seen in this place.
 G = Mean time per level.
                   A        B        C        D        E       F      G
               +--------+--------+--------+--------+--------+-----+--------+
         Total |   3276 |   3201 |     75 |    456 |   2121 |   4 |  819.0 |
       Dungeon |   3276 |   3201 |     75 |    456 |   2121 |   4 |  819.0 |
               +--------+--------+--------+--------+--------+-----+--------+

Top non-repeatable levels by time:
     D:3: 1168 daAuts
     D:2: 1000 daAuts
     D:1: 969 daAuts
     D:4: 137 daAuts
